 Dungeon Crawl Stone Soup version 0.31-a0-1581-g41d5ff3e7b (webtiles) character file.

Game seed: 15150051329110365457

1479 GreatBamboolord the Trooper (level 8, -3/87 HPs)
             Began as an Oni Gladiator on Jan 5, 2024.
             Slain by a sleepcap (21 damage)
             ... on level 6 of the Dungeon on Jan 6, 2024.
             The game lasted 00:10:21 (5972 turns).

GreatBamboolord the Trooper (Oni Gladiator)         Turns: 5972, Time: 00:10:21

Health: -3/87      AC:  3    Str: 21    XL:     8   Next: 79%
Magic:  17/17      EV:  1    Int:  9    God:
Gold:   221        SH:  0    Dex: 10    Spells: 7/7 levels left

rFire   + . .        a - +0 flail
rCold   . . .        (no shield)
rNeg    . . .        b - +0 robe
rPois   .            c - +0 hat
rElec   .            (no cloak)
rCorr   .            (gloves unavailable)
SInv    .            (boots unavailable)
Will    .....        (no amulet)
Stlth   +            m - ring of protection from fire
HPRegen 0.34/turn    h - ring of magical power
MPRegen 0.15/turn

%: no passive effects
@: sleeping
A: large, unfitting armour, horns 1, tough skin 1, double potion healing,
drunken brawling
a: no special abilities


You were on level 6 of the Dungeon.
You visited 1 branch of the dungeon, and saw 6 of its levels.
You also visited: Sewer.

You collected 221 gold pieces.

Inventory:

Hand Weapons
 a - a +0 flail (weapon)
Missiles
 d - 2 throwing nets
 e - 5 large rocks (quivered)
Armour
 b - a +0 robe (worn)
 c - a +0 hat (worn)
Jewellery
 h - a ring of magical power (right hand)
 m - a ring of protection from fire (left hand)
Wands
 f - a wand of iceblast (1)
 u - a wand of flame (4)
Scrolls
 g - a scroll of poison
 i - 3 scrolls of enchant weapon {unknown}
 k - a scroll of identify
 l - 3 scrolls of immolation
 o - 2 scrolls of amnesia {unknown}
 q - 2 scrolls of vulnerability {unknown}
 r - 2 scrolls of teleportation
 s - a scroll of fog {unknown}
Potions
 j - 4 potions of invisibility
 n - a potion of mutation {unknown}
 p - a potion of enlightenment {unknown}
 t - a potion of berserk rage {unknown}


   Skills:
 * Level 7.3 Fighting
 * Level 6.1 Maces & Flails
 * Level 5.6 Throwing
 * Level 5.5 Dodging


You had 7 spell levels left.
You didn't know any spells.
Your spell library was empty.

Dungeon Overview and Level Annotations

Branches:
Dungeon (6/15)              Sewer (visited)
 Temple: D:4-7

Altars:
Trog
Wu Jian

Shops:
D:5 *


Innate Abilities, Weirdness & Mutations

You are too large for most types of armour.
You have a pair of small horns on your head.
You have tough skin. (AC +1)
You gain doubled healing and magic from potions.
Whenever you drink a healing potion, you attack all around you.


Message History

You sock the adder!
The adder is almost dead.
You feel sick.
You are no longer poisoned.
The adder bites you but does no damage. The hound bites you but does no damage.
The adder barely misses you. The hound bites you.
You sock the adder!
You kill the adder!
The hound bites you.
Unknown command.
You sock the hound!
The hound is severely wounded.
The hound barely misses you.
The howler monkey hoots and howls with incredible vigour!
The hound barely misses you.
You hear an angry hiss.
You hear a shout! x2
You hit the hound.
The hound is almost dead.
The howler monkey hits you. The hound bites you but does no damage.
The howler monkey closely misses you. The hound bites you.
You sock the hound!
You kill the hound!
The howler monkey closely misses you.
You closely miss the howler monkey.
The howler monkey is moderately wounded.
The howler monkey hits you. x2
* * * LOW HITPOINT WARNING * * *
You thump the howler monkey!
The howler monkey is severely wounded.
The howler monkey barely misses you.
You sock the howler monkey!
You kill the howler monkey!
A sleepcap comes into view.
The sleepcap releases spores at you!
* * * LOW HITPOINT WARNING * * *
You are engulfed in a cloud of soporific spores!
You fall asleep.
A water moccasin comes into view.
The sleepcap releases spores at you!!
You die...

......... S.. .......
#.. ..# #..... ##..
..# #...# ... #.#
#...# ####.. #.# #<..#
..... #># ##...##
#.f####.###.....##
#..@....##.......#
.......###...........#
......# #.###.......#
......####)###.......#
.....
#........#...#.###
!....
#......#.##.......
####
#.##.#......##.###
#.##.#.#.#####.#
#.##...........#


You could see a water moccasin and a sleepcap.

Vanquished Creatures
  Grinder (D:3)
  A water moccasin (D:5)
  An orc warrior (D:6)
  A black bear (D:5)
  A centaur (D:5)
  A kobold brigand (Sewer)
  2 brain worms (Sewer)
  2 scorpions
  A howler monkey (D:6)
  2 hounds
  An orc priest (D:6)
  A bombardier beetle (D:5)
  A jelly (D:4)
  An iguana (D:5)
  17 adders
  4 river rats
  2 dart slugs
  2 ribbon worms
  7 orcs
  8 endoplasms
  2 giant cockroaches
  3 hobgoblins
  7 jackals
  4 quokkas
  13 ball pythons
  15 bats
  6 frilled lizards
  10 goblins
  9 kobolds
  14 rats
140 creatures vanquished.

Vanquished Creatures (others)
  An ice beast (D:5)
1 creature vanquished.

Grand Total: 141 creatures vanquished

Notes
Turn   | Place    | Note
-------+----------+-------------------------------------------
     0 | D:1      | GreatBamboolord the Oni Gladiator began the quest for the
                  | Orb.
     0 | D:1      | Reached XP level 1. HP: 22/22 MP: 1/1
   127 | D:1      | Reached skill level 3 in Fighting
   127 | D:1      | Reached XP level 2. HP: 30/31 MP: 2/2
   454 | D:1      | Reached XP level 3. HP: 37/37 MP: 3/3
   836 | D:2      | Reached XP level 4. HP: 32/45 MP: 4/4
  1925 | D:3      | Found a faded altar of an unknown god.
  2030 | D:3      | Noticed Grinder
  2038 | D:3      | Paralysed by Grinder for 3 turns
  2046 | D:3      | Paralysed by Grinder for 5 turns
  2055 | D:3      | Paralysed by Grinder for 3 turns
  2061 | D:3      | Killed Grinder
  2062 | D:3      | Reached skill level 4 in Fighting
  2062 | D:3      | Reached XP level 5. HP: 15/55 MP: 5/5
  2062 | D:3      | Reached XP level 6. HP: 17/63 MP: 6/6
  3116 | D:4      | Reached skill level 5 in Fighting
  3250 | D:4      | Reached XP level 7. HP: 67/72 MP: 7/7
  3483 | D:5      | Entered Level 5 of the Dungeon
  3523 | D:5      | HP: 3/108 [ice beast (11)]
  3540 | D:5      | Reached skill level 5 in Maces & Flails
  3759 | D:5      | Found a glowing drain.
  3763 | Sewer    | Entered a sewer
  3872 | Sewer    | Reached skill level 6 in Fighting
  4004 | Sewer    | Reached XP level 8. HP: 83/83 MP: 8/8
  4275 | Sewer    | Reached skill level 5 in Throwing
  4275 | Sewer    | Reached skill level 5 in Dodging
  4972 | D:5      | Found an ornate altar of the Wu Jian Council.
  4991 | D:5      | Found a bloodstained altar of Trog.
  5225 | D:5      | Found Neusch's Fire Supplies.
  5606 | D:6      | Reached skill level 7 in Fighting
  5972 | D:6      | Slain by a sleepcap

Illustrated notes

Levels and vault maps discovered:
D:1:      minmay_arrival_four_loops, layout_loops_ring
D:2:      layout_basic, serial_glass, glass_columns_b, glass_columns_a,
          minmay_bisected
D:3:      layout_loops_ring, hellmonk_ecumenical_altar_run_dry,
          supply_closet_lemuel, uniq_grinder
D:4:      layout_basic, serial_bayou, serial_bayou_lake_a, serial_bayou_pond_c,
          serial_bayou_ford_a, serial_bayou_shore_b, st_stairs_4,
          chequers_serial_rivers_marsh
D:5:      layout_basic, mainiacjoe_overflow_swirl, gup_sewer_entry_spiral,
          nicolae_shop_fire_sale [nicolae_sub_dead_trees]
D:6:      layout_loops_cross, lemuel_temple_firewalk_b

Skill      XL: |  1  2  3  4  5  6  7  8 |
---------------+-------------------------+-----
Fighting       | 3 4 5 6 7 |  7.3
Dodging        | 3 4 5 |  5.5
Maces & Flails | 4 5 6 |  6.1
Throwing       | 3 4 5 |  5.6

Action                     |  1- 3 |  4- 6 |  7- 9 || total
---------------------------+-------+-------+-------++-------
  Melee: Flail             |    88 |   159 |   213 ||   460
         Headbutt          |     8 |    22 |    37 ||    67
         Punch             |       |       |     1 ||     1
  Throw: Large rock        |     3 |     5 |     5 ||    13
         Throwing net      |     1 |       |       ||     1
         Stone             |     6 |       |       ||     6
    Use: Potion            |       |     1 |     7 ||     8
         Scroll            |       |       |     5 ||     5
   Stab: Sleeping          |     1 |     2 |       ||     3
         Invisible         |       |       |     3 ||     3
 Armour: Robe              |    71 |    94 |   130 ||   295
         Skin              |       |     4 |    15 ||    19
  Dodge: Dodged            |    79 |    66 |   102 ||   247

Table legend: (Time is in decaauts)
 A = Elapsed time spent in this place.
 B = Non-inter-level travel time spent in this place.
 C = Inter-level travel time spent in this place.
 D = Time resting spent in this place.
 E = Time spent auto-exploring this place.
 F = Levels seen in this place.
 G = Mean time per level.
                   A        B        C        D        E       F      G
               +--------+--------+--------+--------+--------+-----+--------+
         Total |   6061 |   5920 |    141 |    679 |   3993 |   7 |  865.9 |
       Dungeon |   5080 |   4939 |    141 |    679 |   3294 |   6 |  846.7 |
         Sewer |    980 |    980 |      0 |      0 |    699 |   1 |  980.0 |
               +--------+--------+--------+--------+--------+-----+--------+

Top non-repeatable levels by time:
     D:5: 1136 daAuts
     D:2: 1105 daAuts
     D:3: 1053 daAuts
   Sewer: 980 daAuts
     D:1: 755 daAuts
     D:4: 627 daAuts
     D:6: 401 daAuts
